 Dungeon Crawl Stone Soup version 0.31-a0-229-g1fc7ce93e2 (webtiles) character file.

Game seed: 7718661722177435288

108 innerfire43 the Trooper (level 4, -1/37 HPs)
             Began as a Demonspawn Monk on July 6, 2023.
             Slain by Grinder (6 damage)
             ... on level 3 of the Dungeon.
             The game lasted 00:02:37 (2236 turns).

innerfire43 the Trooper (Demonspawn Monk)           Turns: 2236, Time: 00:02:37

Health: -1/37      AC:  2    Str: 14    XL:     4   Next: 58%
Magic:  4/4        EV: 13    Int: 11    God:
Gold:   132        SH:  0    Dex: 15    Spells: 3/3 levels left

rFire   . . .        a - +0 hand axe
rCold   . . .        d - orb {light}
rNeg    + . .        b - +0 robe
rPois   .            (helmet restricted)
rElec   .            (no cloak)
rCorr   .            (no gloves)
SInv    .            (no boots)
Will    .....        (no amulet)
Stlth   +            j - ring of positive energy
HPRegen 0.26/turn    (no ring)
MPRegen 0.09/turn

%: no passive effects
@: glowing
A: antennae 1
a: no special abilities


You were on level 3 of the Dungeon.
You visited 1 branch of the dungeon, and saw 3 of its levels.

You collected 132 gold pieces.

Inventory:

Hand Weapons
 a - a +0 hand axe (weapon)
Armour
 b - a +0 robe (worn)
 d - an orb of light (worn)
Jewellery
 j - a ring of positive energy (left hand)
 m - a ring of wizardry
Scrolls
 c - a scroll of enchant armour {unknown}
Potions
 g - a potion of enlightenment {unknown}
 h - a potion of haste {unknown}
 k - 3 potions of might {unknown}
 l - a potion of brilliance {unknown}


   Skills:
 + Level 4.0 Fighting
 + Level 3.5 Axes
 + Level 3.5 Dodging


You had 3 spell levels left.
You didn't know any spells.
Your spell library contained the following spells:

 Spells                   Type           Power      Damage    Failure   Level
 Lesser Beckoning         Tloc           0%         N/A       47%         2
 Sublimation of Blood     Necr           0%         N/A       47%         2
 Wereblood                Tmut           0%         N/A       47%         2
 Gell's Gravitas          Tloc           0%         N/A       71%         3
 Teleport Other           Tloc           0%         N/A       71%         3
 Summon Hydra             Summ           0%         N/A       100%        7


Dungeon Overview and Level Annotations

Branches:
Dungeon (3/15)

Altars:

Annotations:
D:3 Grinder


Innate Abilities, Weirdness & Mutations

You have a pair of small antennae on your head.


Message History

You hit Grinder.
Grinder is severely wounded.
Grinder blinks!
Grinder hits you.
You writhe in agony.
You see here a +0 club.
You hit Grinder but do no damage.
Grinder is heavily wounded.
Grinder closely misses you.
You barely miss Grinder.
Grinder is heavily wounded.
Grinder gestures at you. Pain shoots through your body!
You hit Grinder.
Grinder is severely wounded.
Grinder gestures at you.
You suddenly lose the ability to move!
Grinder completely misses you. Grinder gestures at you.
You shrug off the repeated paralysis!
You can move again.
You hit Grinder.
Grinder is severely wounded.
Grinder hits you but does no damage.
Unknown command.
You hit Grinder.
Grinder is almost dead.
Grinder gestures at you.
You shrug off the repeated paralysis!
Unknown command.
You hit Grinder but do no damage.
Grinder is almost dead.
Grinder says, "I used to sell toenails on the black market."
Grinder hits you!
* * * LOW HITPOINT WARNING * * *
You writhe in agony.
* * * LOW HITPOINT WARNING * * *
You barely miss Grinder.
Grinder is almost dead.
Grinder hits you.
You die...

#.#.#.#.# #.#..........#.##......
#.#.#.#,###.##.#.#######,*#.#####
..#.#.#,,,..##.#.# #.....#....
###.#.#***#.##.#.# #.....#.... #
#.#.#####.##.#.# #.....#.... #
#....[.......#.## #.....#....
###...............# #.....#....
.....†.....#....5## #.....#....
###........#####@## #.....#....
###........#####..## *#.##)#....
...........##......# #.#....###
...........##......# ###.#.†..#
...........##......# #........#
...........##......###......###
###........##.......##......#
#........##.....#.##......#
###########.....#.####.##.#


You could see Grinder.

Vanquished Creatures
  3 adders
  2 worms
  3 dart slugs
  An orc (D:3)
  7 bats
  6 endoplasms
  4 giant cockroaches
  10 goblins
  6 hobgoblins
  2 jackals (D:1)
  3 kobolds
  4 quokkas
  2 ball pythons
  4 frilled lizards
  9 rats
66 creatures vanquished.

Notes
Turn   | Place    | Note
-------+----------+-------------------------------------------
     0 | D:1      | innerfire43 the Demonspawn Monk began the quest for the
                  | Orb.
     0 | D:1      | Reached XP level 1. HP: 18/18 MP: 1/1
   178 | D:1      | Discovered your monstrous ancestry.
   178 | D:1      | Gained mutation: You have a pair of small antennae on your
                  | head. [demonic ancestry]
   178 | D:1      | Reached XP level 2. HP: 19/24 MP: 2/2
   520 | D:1      | Reached XP level 3. HP: 26/29 MP: 3/3
   790 | D:1      | Found a faded altar of an unknown god.
  1296 | D:2      | Reached XP level 4. HP: 37/37 MP: 4/4
  2138 | D:3      | Reached skill level 4 in Fighting
  2204 | D:3      | Noticed Grinder
  2230 | D:3      | Paralysed by Grinder for 3 turns
  2236 | D:3      | Slain by Grinder

Illustrated notes

Levels and vault maps discovered:
D:1:      wander_arrival_abandoned_jail, layout_loops_cross,
          shapermc_ecumenical_altar_hornbeckon, serial_forest,
          infiniplex_forest_straight_2, infiniplex_forest_fountain,
          infiniplex_forest_lined_3, infiniplex_forest_zigzag_1,
          infiniplex_forest_lined_3_way
D:2:      layout_loops_corners
D:3:      layout_basic, cheibrodos_sewer_entry_bend, uniq_grinder

Skill      XL: |  1  2  3  4 |
---------------+-------------+-----
Axes           | 3 |  3.5
Dodging        | 3 |  3.5
Fighting       | 4 |  4.0

Action                     |  1- 3 |  4- 6 || total
---------------------------+-------+-------++-------
  Melee: Hand axe          |   117 |    77 ||   194
    Use: Potion            |     1 |     1 ||     2
         Scroll            |       |     4 ||     4
 Armour: Robe              |    25 |     7 ||    32
  Dodge: Dodged            |   100 |    49 ||   149

Table legend: (Time is in decaauts)
 A = Elapsed time spent in this place.
 B = Non-inter-level travel time spent in this place.
 C = Inter-level travel time spent in this place.
 D = Time resting spent in this place.
 E = Time spent auto-exploring this place.
 F = Levels seen in this place.
 G = Mean time per level.
                   A        B        C        D        E       F      G
               +--------+--------+--------+--------+--------+-----+--------+
         Total |   2271 |   2157 |    114 |      0 |   1718 |   3 |  757.0 |
       Dungeon |   2271 |   2157 |    114 |      0 |   1718 |   3 |  757.0 |
               +--------+--------+--------+--------+--------+-----+--------+

Top non-repeatable levels by time:
     D:2: 1022 daAuts
     D:1: 862 daAuts
     D:3: 386 daAuts
